 Dungeon Crawl Stone Soup version 0.23.2-1-ga50397a (webtiles) character file.

Game seed: 4976624979340690272

287570 diana the Warrior (level 20, -1/168 HPs)
             Began as a Demonspawn Fighter on May 24, 2019.
             Was a High Priest of Okawaru.
             Succumbed to poison (poison gas)
             ... on level 4 of the Swamp.
             The game lasted 01:47:32 (45955 turns).

diana the Warrior (Demonspawn Fighter)             Turns: 45955, Time: 01:47:33

Health: -1/168     AC: 62    Str: 32    XL:     20   Next: 22%
Magic:  12/26      EV: 23    Int:  9    God:    Okawaru [*****.]
Gold:   1340       SH: 18    Dex: 18    Spells: 19/19 levels left

rFire    + + .     SeeInvis +   g - +8 war axe of Crystal {chop, Str+2}
rCold    + + +     Gourm    .   L - +2 shield
rNeg     + . .     Faith    .   o - +17 plate armour of Cieveyri {Dex+4}
rPois    .         Spirit   +   (helmet unavailable)
rElec    +         Reflect  .   R - +4 cloak "Sonaisou" {MR++ Str+2 Dex-3}
rCorr    .         Harm     .   H - +1 pair of gloves {Str+3}
MR       ++++.                  E - +2 pair of boots {run}
Stlth    ..........             K - amulet of rage
HPRegen  0.38/turn              M - ring "Niavvokk" {*Slow rElec rF+ rC++ MR+}
MPRegen  0.40/turn              c - ring "Nidan" {+Fly rF+ rN+ Dex+3 Stlth+}

@: lethally poisoned (-1 -> -86), heroism, sanguine armour, berserk cooldown,
slowed, very slow
A: antennae 3, cold resistance 1, demonic guardian 2, shaggy fur 1, magic
shield, magic regeneration, sanguine armour 3
}: 1/15 runes: gossamer
a: Heroism, Finesse, Renounce Religion, Evoke Berserk Rage, Evoke Flight


You were on level 4 of the Swamp.
You worshipped Okawaru.
Okawaru was extremely pleased with you.
You were near starving.

You visited 7 branches of the dungeon, and saw 35 of its levels.
You also visited: Gauntlet.

You collected 3128 gold pieces.
You spent 1788 gold pieces at shops.

Inventory:

Hand Weapons
 g - the +8 war axe of Crystal (weapon) {chop, Str+2}
   (You bought it in a shop on level 2 of the Orcish Mines)

   It inflicts extra damage upon your enemies.
   It affects your strength (+2).
 Y - a +3 broad axe
Missiles
 G - a throwing net (quivered)
Armour
 o - the +17 plate armour of Cieveyri (worn) {Dex+4}
   (You bought it in a shop on level 2 of the Orcish Mines)

   It affects your dexterity (+4).
 E - a +2 pair of boots of running (worn)
 H - a +1 pair of gloves of strength (worn)
 L - a +2 shield (worn)
 R - the +4 cloak "Sonaisou" (worn) {MR++ Str+2 Dex-3}
   (You found it on level 3 of the Lair of Beasts)

   It affects your strength (+2).
   It affects your dexterity (-3).
   It affects your resistance to hostile enchantments.
Jewellery
 c - the ring "Nidan" (right hand) {+Fly rF+ rN+ Dex+3 Stlth+}
   (You took it off a deep elf mage on level 3 of the Elven Halls)

   [ring of protection from fire]

   It affects your dexterity (+3).
   It protects you from fire.
   It protects you from negative energy.
   It lets you fly.
   It makes you more stealthy.
 u - an uncursed amulet of harm {unknown}
 K - an amulet of rage (around neck)
 M - the ring "Niavvokk" (left hand) {*Slow rElec rF+ rC++ MR+}
   (You found it on level 6 of the Lair of Beasts)

   [ring of protection from fire]

   It protects you from fire.
   It greatly protects you from cold.
   It insulates you from electricity.
   It affects your resistance to hostile enchantments.
   It may slow you when you take damage.
Wands
 a - a wand of polymorph (8)
 b - a wand of clouds (5)
 e - a wand of acid (2)
 z - a wand of iceblast (22)
 A - a wand of digging (4)
 C - a wand of random effects (19)
Scrolls
 h - a scroll of acquirement
 k - 21 scrolls of remove curse
 m - a scroll of fog
 n - 5 scrolls of immolation
 r - 3 scrolls of blinking
 s - 3 scrolls of fear
 t - 4 scrolls of identify
 v - 11 scrolls of magic mapping
 w - 5 scrolls of enchant armour
 y - 2 scrolls of enchant weapon
 D - a scroll of silence
 Q - a scroll of summoning
 W - 3 scrolls of teleportation
Potions
 d - 3 potions of might
 i - 4 potions of resistance
 j - 3 potions of flight
 l - 3 potions of cancellation
 p - 5 potions of heal wounds
 q - 4 potions of ambrosia
 x - 4 potions of brilliance
 B - 3 potions of haste
 F - a potion of berserk rage {unknown}
 J - 6 potions of magic
 P - 3 potions of invisibility
 S - 3 potions of curing
 X - 5 potions of agility
Comestibles
 f - 44 rations


   Skills:
 - Level 17.2(22.2) Fighting
 - Level 16.0(21.0) Axes
 - Level 16.0(21.0) Armour
 - Level 15.8(20.8) Dodging
 + Level 11.1(16.1) Shields
 - Level 9.1 Invocations


You had 19 spell levels left.
You didn't know any spells.
Your spell library contained the following spells:

 Spells                   Type           Power        Failure   Level  Hunger
 Animate Skeleton         Necr           N/A          82%         1    ##.....
 Corona                   Hex            #......      82%         1    ##.....
 Infusion                 Chrm           #...         82%         1    ##.....
 Magic Dart               Conj           #...         82%         1    ##.....
 Sting                    Conj/Pois      #...         82%         1    ##.....
 Blink                    Tloc           N/A          91%         2    ###....
 Call Imp                 Summ           #.......     91%         2    ###....
 Poisonous Vapours        Pois/Air       #.....       91%         2    ###....
 Searing Ray              Conj           #.....       91%         2    ###....
 Shroud of Golubria       Chrm/Tloc      #.........   91%         2    ###....
 Slow                     Hex            #.......     91%         2    ###....
 Song of Slaying          Chrm           #.......     91%         2    ###....
 Sublimation of Blood     Necr           #.........   91%         2    ###....
 Conjure Flame            Conj/Fire      #.......     99%         3    ####...
 Dazzling Spray           Conj/Hex       #.....       99%         3    ####...
 Ignite Poison            Fire/Tmut/Pois #.......     99%         3    ####...
 Inner Flame              Hex/Fire       #.......     99%         3    ####...
 Mephitic Cloud           Conj/Pois/Air  #.......     99%         3    ####...
 Ozocubu's Armour         Chrm/Ice       #.......     99%         3    ####...
 Portal Projectile        Hex/Tloc       #.....       99%         3    ####...
 Recall                   Summ/Tloc      N/A          99%         3    ####...
 Regeneration             Chrm/Necr      #.........   99%         3    ####...
 Spectral Weapon          Hex/Chrm       #.......     99%         3    ####...
 Animate Dead             Necr           N/A          100%        4    #####..
 Cause Fear               Hex            #.........   100%        4    #####..
 Force Lance              Conj/Tloc      #.......     100%        4    #####..
 Fulminant Prism          Conj/Hex       #.........   100%        4    #####..
 Ice Form                 Ice/Tmut       #.......     100%        4    #####..
 Iskenderun's Mystic Bla  Conj           #.......     100%        4    #####..
 Leda's Liquefaction      Hex/Erth       #.........   100%        4    #####..
 Olgreb's Toxic Radiance  Pois           #.......     100%        4    #####..
 Petrify                  Tmut/Erth      #.......     100%        4    #####..
 Alistair's Intoxication  Tmut/Pois      #.......     100%        5    ######.
 Borgnjor's Vile Clutch   Necr/Erth      #.........   100%        5    ######.
 Excruciating Wounds      Chrm/Necr      #.........   100%        5    ######.
 Fireball                 Conj/Fire      #.........   100%        5    ######.
 Irradiate                Conj/Tmut      #.........   100%        5    ######.
 Iskenderun's Battlesphe  Conj/Chrm      #.......     100%        5    ######.
 Metabolic Englaciation   Hex/Ice        #.........   100%        5    ######.
 Silence                  Hex/Air        #.........   100%        5    ######.
 Summon Mana Viper        Hex/Summ       #.......     100%        5    ######.
 Venom Bolt               Conj/Pois      #.........   100%        5    ######.
 Yara's Violent Unravell  Hex/Tmut       #.........   100%        5    ######.
 Bolt of Cold             Conj/Ice       #.........   100%        6    #######
 Bolt of Fire             Conj/Fire      #.........   100%        6    #######
 Death Channel            Necr           #.........   100%        6    #######
 Deflect Missiles         Chrm/Air       #.........   100%        6    #######
 Freezing Cloud           Conj/Ice/Air   #.........   100%        6    #######
 Hydra Form               Tmut           #.........   100%        6    #######
 Ozocubu's Refrigeration  Ice            #.........   100%        6    #######
 Simulacrum               Ice/Necr       #.........   100%        6    #######
 Statue Form              Tmut/Erth      #........    100%        6    #######
 Dragon Form              Tmut           #.........   100%        7    #######
 Malign Gateway           Summ/Tloc      #.........   100%        7    #######
 Monstrous Menagerie      Summ           #.........   100%        7    #######
 Ring of Flames           Chrm/Fire      #.........   100%        7    #######
 Spellforged Servitor     Conj/Summ      #.........   100%        7    #######
 Summon Greater Demon     Summ           #.........   100%        7    #######
 Discord                  Hex            #.........   100%        8    #######
 Ignition                 Fire           #.........   100%        8    #######
 Summon Horrible Things   Summ           #.........   100%        8    #######


Dungeon Overview and Level Annotations

Branches:
Dungeon (15/15)            Temple (0/1) D:4            Lair (6/6) D:11
  Swamp (4/4) Lair:4       Spider (4/4) Lair:2        Slime (0/5) Lair:6
    Orc (2/2) D:12            Elf (3/3) Orc:2        Vaults (0/5) D:14
 Depths (1/5) D:15

Altars:
Cheibriados
Dithmenos
Elyvilon
Fedhas
Gozag
Makhleb
Okawaru
Ru
Trog
Uskayaw
Vehumet
Wu Jian
Yredelemnul
The Shining One
Jiyva

Shops:
D:5 %   D:8 %[   D:9 *   D:12 (   D:15 *%[   Orc:2 ([:*%   Elf:1 ([   Elf:3 =}=
Depths:1 *

Portals:
Hell: Depths:1

Annotations:
D:3 1 runed translucent door, Killmatronix's ghost, novice MiSu
Lair:6 exclusion: oklob plant
Spider:2 2 transporters, jazmu's ghost, adept FoWn
Elf:2 5 runed translucent doors
Elf:3 2 transporters, DungeonDestroyer's ghost, adept MiBe
Depths:1 1 runed translucent door


Innate Abilities, Weirdness & Mutations

You have a pair of large antennae on your head. (SInv)
A demonic guardian rushes to your aid.
When hurt, damage is shared between your health and your magic reserves.
You regenerate magic rapidly.
When seriously injured, your bleeding wounds create very thick armour. (AC +12)
Your flesh is cold resistant. (rC+)
You are covered in fur. (AC +1)


Message History

You are engulfed in poison gas.
You are more poisoned.
* * * LOW HITPOINT WARNING * * *
x2 You feel very sick.
Unknown command.
You feel a strong urge to attack something.
A swamp dragon comes into view.
* * * LOW HITPOINT WARNING * * *
You feel very sick.
The swamp dragon roars deafeningly!
You block the spriggan rider's attack.
Unknown command.
You are too berserk!
* * * LOW HITPOINT WARNING * * *
You feel very sick.
Unknown command.
You feel your anger nearly subside.
You are no longer berserk.
You are exhausted.
You feel yourself slow down.
You die...

♣♣ .≈♣.≈≈.....≈♣ .♣
≈≈....≈.≈.≈≈♣♣ .♣♣♣≈..≈..≈≈≈.≈ ♣
# ###.♣♣♣≈≈≈≈≈≈≈≈♣♣ .♣≈
.##≈..♣♣≈.≈.≈≈.≈≈.♣♣♣...
k..†.....≈...≈.≈≈.≈♣≈..
≈#≈....≈.....≈≈≈...≈♣♣♣♣
###≈♣♣..D..≈4≈4≈°≈....♣♣
≈.♣♣♣...≈≈○i☼°@☼≈§≈.≈.♣♣ ≈.♣♣
♣≈.§≈≈≈D...○≈≈≈≈≈≈§≈♣♣♣♣♣♣ ♣
♣♣♣....≈..≈≈♣♣≈≈≈≈≈≈<.♣.≈≈≈♣♣
♣♣♣≈.♣≈#...§..♣♣.§≈≈≈≈≈♣♣.≈≈≈.♣
♣≈♣♣.≈.[.≈....♣♣♣♣♣≈...≈..≈≈≈♣
♣♣♣≈.#....≈♣.≈♣♣♣♣...≈≈.≈....≈♣♣
≈..≈≈≈.......≈≈♣♣≈≈≈≈≈≈.♣.≈≈≈.≈♣♣
≈≈§≈≈≈..♣≈♣...≈♣♣♣.≈≈≈♣♣♣.≈≈≈≈≈≈.
≈≈≈≈...♣§.≈.♣♣♣♣ ♣♣≈...≈.≈≈≈≈≈≈≈.


You could see 2 swamp dragons, a spriggan rider, a friendly orange demon and a
friendly ice devil.

Vanquished Creatures
  Mara (Spider:4)
  Arachne (Spider:4)
  3 liches (Depths:1)
  Jorgrun (Spider:1)
  2 deep elf blademasters (Elf:3)
  Asterion (Spider:4)
  2 deep elf master archers
  Frances (Elf:1)
  3 thorn hunters
  A sphinx (Depths:1)
  Gastronok (D:12)
  Donald (Spider:2)
  Agnes (Elf:1)
  Roxanne (Spider:1)
  Kirke (Lair:5)
  A fire giant (Spider:1)
  The ghost of goulibeur the Basher, a journeyman DrBe of Trog (D:14)
  Louise (Elf:3)
  2 emperor scorpions
  Aizul (Spider:4)
  6 deep elf sorcerers
  A balrug (Depths:1)
  A frost giant (Depths:1)
  4 ghost moths
  An orc warlord (Orc:1)
  4 deep elf elementalists (Elf:3)
  5 very ugly things
  A spriggan defender (Depths:1)
  2 entropy weavers
  A green draconian (Spider:1)
  A stone giant (Orc:2)
  3 deep elf demonologists
  3 spark wasps (Spider:4)
  5 deep elf annihilators (Elf:3)
  A minotaur (Gauntlet)
  2 ettins (Depths:1)
  2 deep elf death magi (Elf:3)
  2 fire dragons (Depths:1)
  6 deep elf high priests (Elf:3)
  4 vault guards (D:14)
  An ice dragon (Depths:1)
  4 shambling mangroves
  18 hydras
  2 ghost crabs (Swamp:4)
  6 catoblepae
  2 ogre magi (Depths:1)
  An anaconda (shapeshifter) (Elf:3)
  5 centaur warriors
  9 two-headed ogres
  5 death yaks (Lair:6)
  14 dancing weapons
  4 deep troll shamans (Depths:1)
  7 alligators
  A deep troll earth mage (Depths:1)
  3 tengu warriors
  Urug (Orc:2)
  3 orc high priests (Orc:2)
  5 deep elf knights
  An iron troll (Depths:1)
  2 sun demons (Depths:1)
  A fire crab (Gauntlet)
  3 skeletal warriors (D:14)
  3 wizards
  7 deep trolls (Depths:1)
  3 spriggan druids
  8 swamp dragons
  5 unseen horrors
  A glowing orange brain (D:14)
  An unseen horror (shapeshifter) (D:14)
  7 deep elf archers
  43 deep elf magi
  18 orb spiders
  A wolf spider zombie (D:15)
  6 orc knights
  4 manticores
  7 orc sorcerers
  36 wolf spiders
  23 ugly things
  3 moths of wrath (Spider:4)
  A salamander (D:15)
  A worldbinder (Gauntlet)
  3 cyclopes
  An elephant (Lair:4)
  2 centaur zombies
  A guardian serpent (shapeshifter) (Elf:3)
  5 black mambas
  A naga mage (Depths:1)
  21 spiny frogs
  A torpor snail (Spider:4)
  2 gargoyles
  4 rime drakes
  A freezing wraith (D:14)
  14 yaktaurs (Depths:1)
  18 demonic crawlers
  3 komodo dragons
  A yaktaur (shapeshifter) (D:13)
  2 ice devils (Orc:1)
  7 trolls
  A polar bear (Lair:6)
  25 jumping spiders
  2 tengu conjurers
  25 hornets
  36 slime creatures
  16 tyrant leeches
  A raiju (shapeshifter) (D:15)
  21 blink frogs
  A dream sheep (shapeshifter) (D:15)
  15 bog bodies
  9 dream sheep
  21 hippogriffs
  A meliai zombie (D:15)
  4 air elementals
  A spriggan (shapeshifter) (Depths:1)
  26 tarantellas
  6 shadows
  69 redbacks
  2 vampires
  4 water elementals
  4 fire bats (Gauntlet)
  22 spriggans
  10 wyverns
  4 fire elementals
  6 basilisks
  A basilisk (shapeshifter) (D:12)
  Eustachio (D:6)
  A steam dragon (Lair:4)
  50 yaks
  16 vampire mosquitoes
  A neqoxec (D:14)
  5 hogs
  3 insubstantial wisps (Swamp:3)
  A naga (shapeshifter) (D:14)
  2 acid dragons
  2 wargs
  19 swamp worms
  9 water moccasins
  A hell hound (Lair:5)
  9 porcupines
  29 orc warriors
  10 swamp drakes
  2 ice beasts
  A sky beast (shapeshifter) (Elf:2)
  4 black bears
  An ice beast (shapeshifter) (D:14)
  A phantom (D:10)
  2 sky beasts
  A necrophage (D:13)
  18 ogres
  A boggart (Gauntlet)
  16 wolves
  14 crocodiles
  16 centaurs
  A crocodile (shapeshifter) (D:14)
  4 big kobolds
  11 bullfrogs
  2 earth elementals (Elf:1)
  3 wyvern skeletons
  7 scorpions
  10 killer bees
  4 wights (D:9)
  5 howler monkeys
  4 crimson imps
  6 hounds
  19 orc priests
  A bullfrog zombie (D:9)
  27 orc wizards
  2 centaur skeletons
  A jelly (D:10)
  A jelly (shapeshifter) (D:14)
  2 bullfrog skeletons
  5 iguanas
  9 worker ants
  A hound skeleton (D:4)
  A worker ant zombie (D:9)
  11 adders
  6 gnolls
  A gnoll (shapeshifter) (D:14)
  4 shadow imps
  3 white imps (Gauntlet)
  3 ufetubi (Gauntlet)
  An ooze (D:3)
  5 worms
  2 dart slugs (D:1)
  2 leopard geckos
  84 orcs
  3 bats
  8 giant cockroaches
  8 goblins
  7 hobgoblins
  11 jackals
  18 kobolds
  3 quokkas
  10 frilled lizards
  8 rats
  5 briar patches (Swamp:4)
  6 bushes (Lair:3)
  7 fungi
  9 plants
1365 creatures vanquished.

Vanquished Creatures (collateral kills)
  A deep elf master archer (Elf:3)
  A thorn hunter (Swamp:4)
  A deep elf annihilator (Elf:3)
  2 hydras (Swamp:2)
  An alligator (Swamp:1)
  A death yak (Lair:6)
  A sixfirhy (Gauntlet)
  A deep elf archer (Elf:3)
  A lindwurm (Lair:6)
  An orc knight (Orc:2)
  A wolf spider zombie (D:13)
  An orb spider (Spider:2)
  A deep elf mage (Elf:3)
  A cyclops (D:14)
  A centaur zombie (D:12)
  Maurice (D:12)
  A black mamba (Lair:4)
  3 spiny frogs
  A troll (Orc:2)
  2 blink frogs (Lair:4)
  2 slime creatures (D:15)
  2 hippogriffs
  A spriggan (D:10)
  2 redbacks (Spider:3)
  A wyvern (D:9)
  A hog (Lair:5)
  A basilisk (D:11)
  3 yaks
  2 swamp drakes (Swamp:4)
  2 wolves
  An ogre (D:8)
  A wight (D:9)
  An iguana (D:10)
  An orc wizard (D:10)
  6 orcs
  A butterfly (Lair:3)
52 creatures vanquished.

Vanquished Creatures (others)
  An emperor scorpion (Spider:4)
  A water elemental (Elf:3)
  A tarantella (Spider:3)
  A swamp drake (Swamp:1)
  A centaur (D:13)
  2 orcs (Orc:2)
  A briar patch (Swamp:4)
  6 fungi
  11 plants
25 creatures vanquished.

Grand Total: 1442 creatures vanquished

Notes
Turn   | Place    | Note
-------+----------+-------------------------------------------
     0 | D:1      | diana the Demonspawn Fighter began the quest for the Orb.
     0 | D:1      | Reached XP level 1. HP: 18/18 MP: 1/1
   184 | D:1      | Gained mutation: When seriously injured, your bleeding
                  | wounds create armour. (AC +12) [demonic ancestry]
   184 | D:1      | Reached XP level 2. HP: 23/24 MP: 2/2
   598 | D:2      | Gained mutation: When seriously injured, your bleeding
                  | wounds create thick armour. (AC +12) [demonic ancestry]
   598 | D:2      | Reached XP level 3. HP: 24/29 MP: 3/3
   716 | D:2      | Reached skill level 1 in Dodging
  1031 | D:3      | Gained mutation: When hurt, damage is shared between your
                  | health and your magic reserves. [demonic ancestry]
  1031 | D:3      | Reached XP level 4. HP: 26/35 MP: 4/4
  1151 | D:3      | Found a runed translucent door.
  1152 | D:3      | Noticed Killmatronix's ghost (novice MiSu)
  1679 | D:3      | Gained mutation: You have a pair of small antennae on your
                  | head. [demonic ancestry]
  1679 | D:3      | Reached XP level 5. HP: 17/41 MP: 3/5
  2092 | D:4      | Noticed an ogre
  2099 | D:4      | Killed an ogre
  2285 | D:4      | Reached skill level 4 in Fighting
  2285 | D:4      | Reached XP level 6. HP: 48/48 MP: 6/6
  2376 | D:4      | Found a staircase to the Ecumenical Temple.
  2425 | D:4      | Found an iron altar of Okawaru.
  2472 | D:4      | Became a worshipper of Warmaster Okawaru
  2480 | D:4      | Gained mutation: You regenerate magic rapidly. [demonic
                  | ancestry]
  2480 | D:4      | Reached XP level 7. HP: 33/55 MP: 7/7
  2768 | D:5      | Entered Level 5 of the Dungeon
  2848 | D:5      | Found a blossoming altar of Fedhas.
  3001 | D:5      | Reached * piety under Okawaru
  3207 | D:5      | Found Fumof's Food Boutique.
  3426 | D:6      | Noticed Eustachio
  3445 | D:6      | Killed Eustachio
  3445 | D:6      | Reached skill level 5 in Fighting
  3445 | D:6      | Reached XP level 8. HP: 34/62 MP: 5/8
  3547 | D:6      | Found a hide-covered altar of Uskayaw.
  3547 | D:6      | Found a burning altar of Makhleb.
  3552 | D:6      | Found a snail-covered altar of Cheibriados.
  3554 | D:6      | Found a radiant altar of Vehumet.
  3579 | D:6      | Reached skill level 1 in Invocations
  3580 | D:6      | Found a white marble altar of Elyvilon.
  3612 | D:6      | Found a shadowy altar of Dithmenos.
  3621 | D:6      | Reached ** piety under Okawaru
  3897 | D:6      | Found an ornate altar of the Wu Jian Council.
  3898 | D:6      | Found a shadowy altar of Dithmenos.
  3898 | D:6      | Found a glowing golden altar of the Shining One.
  3900 | D:6      | Found a sacrificial altar of Ru.
  4080 | D:7      | Reached skill level 5 in Armour
  4405 | D:7      | Reached skill level 5 in Shields
  5036 | D:7      | Gained mutation: A weak demonic guardian rushes to your
                  | aid. [demonic ancestry]
  5036 | D:7      | Reached XP level 9. HP: 46/69 MP: 8/11
  5066 | D:7      | Found an opulent altar of Gozag.
  5066 | D:7      | Found a basalt altar of Yredelemnul.
  5275 | D:8      | Reached skill level 5 in Axes
  5319 | D:8      | Reached skill level 6 in Fighting
  5347 | D:8      | Found Xyxiu's Food Shop.
  5411 | D:8      | Reached *** piety under Okawaru
  5587 | D:8      | Found Xiroecse's Armour Shoppe.
  6027 | D:8      | Noticed a two-headed ogre
  6042 | D:8      | Killed a two-headed ogre
  6042 | D:8      | Reached **** piety under Okawaru
  6042 | D:8      | Reached skill level 5 in Dodging
  6494 | D:9      | Found a bloodstained altar of Trog.
  6577 | D:9      | Found Sonn's Assorted Antiques.
  6590 | D:9      | Reached skill level 5 in Invocations
  6946 | D:9      | Bought a scroll labeled QYG IMULEIMPU for 27 gold pieces
  6948 | D:9      | Bought a scroll labeled VAIKHL HESOSINA for 27 gold pieces
  6948 | D:9      | Bought a scroll labeled QEKUTE LIELE for 27 gold pieces
  7024 | D:9      | Noticed a troll
  7032 | D:9      | Killed a troll
  7038 | D:9      | Reached ***** piety under Okawaru
  7038 | D:9      | Reached XP level 10. HP: 39/77 MP: 8/14
  7459 | D:10     | Entered Level 10 of the Dungeon
  7941 | D:10     | Reached skill level 7 in Fighting
  9598 | D:11     | Received a gift from Okawaru
  9619 | D:11     | Reached ****** piety under Okawaru
  9619 | D:11     | Gained mutation: You have a pair of antennae on your head.
                  | [demonic ancestry]
  9619 | D:11     | Reached XP level 11. HP: 33/85 MP: 4/16
  9658 | D:11     | Found a staircase to the Lair.
 10335 | D:11     | Noticed a two-headed hydra
 10586 | D:11     | Reached skill level 8 in Fighting
 10696 | D:11     | Killed a four-headed hydra
 11041 | Lair:1   | Entered Level 1 of the Lair of Beasts
 11058 | Lair:1   | Gained mutation: Your flesh is cold resistant. (rC+)
                  | [potion of mutation]
 11058 | Lair:1   | Gained mutation: You possess an exceptional clarity of
                  | mind. [potion of mutation]
 11058 | Lair:1   | Lost mutation: You possess an exceptional clarity of mind.
                  | [potion of mutation]
 11058 | Lair:1   | Gained mutation: You are covered in fur. (AC +1) [potion of
                  | mutation]
 11147 | Lair:1   | Received a gift from Okawaru
 11155 | Lair:1   | Got a pair of faintly glowing gloves {god gift}
 11166 | Lair:1   | Identified the -3 pair of gloves of Yzaoloxt {rF+ MR+ Str-4
                  | SInv} (Okawaru gifted it to you on level 1 of the Lair of
                  | Beasts)
 11860 | Lair:1   | Noticed a six-headed hydra
 12024 | D:12     | Noticed Gastronok
 12080 | D:12     | Killed Gastronok
 12318 | D:12     | Noticed Maurice
 12329 | D:12     | Killed Maurice
 12344 | D:12     | HP: 3/87 [something/vampiric draining (10)]
 12902 | Lair:2   | Found an opulent altar of Gozag.
 13061 | Lair:2   | Received a gift from Okawaru
 13085 | Lair:2   | Reached XP level 12. HP: 34/94 MP: 15/18
 13178 | Lair:2   | Found a hole to the Spider Nest.
 13336 | Lair:2   | Reached skill level 9 in Fighting
 14356 | Lair:3   | Got a distressingly furry cloak
 14366 | Lair:3   | Received a gift from Okawaru
 14374 | Lair:3   | Identified the +4 cloak "Sonaisou" {MR++ Str+2 Dex-3} (You
                  | found it on level 3 of the Lair of Beasts)
 14534 | Lair:3   | Got a bronze ring mail {god gift}
 14545 | Lair:3   | Identified the +3 ring mail "Fibraro" {rPois Str+3}
                  | (Okawaru gifted it to you on level 3 of the Lair of Beasts)
 15743 | Lair:4   | Noticed a four-headed hydra
 15844 | Lair:4   | Found a staircase to the Swamp.
 16713 | Lair:5   | Reached skill level 10 in Fighting
 16761 | Lair:5   | Received a gift from Okawaru
 16795 | Lair:5   | Reached XP level 13. HP: 55/103 MP: 19/19
 16978 | Lair:4   | Reached skill level 10 in Axes
 17555 | D:12     | Found a staircase to the Orcish Mines.
 17968 | D:12     | Found Zeoquor's Antique Weapon Shoppe.
 18558 | D:13     | Received a gift from Okawaru
 19132 | D:13     | Received a gift from Okawaru
 19132 | D:13     | Reached skill level 10 in Armour
 19752 | D:14     | Reached skill level 11 in Fighting
 19890 | D:14     | Found a runed translucent gate.
 19891 | D:14     | Found a runed translucent gate.
 19891 | D:14     | Found a runed translucent gate.
 19893 | D:14     | Noticed a cyan very ugly thing
 20201 | D:14     | Gained mutation: When seriously injured, your bleeding
                  | wounds create very thick armour. (AC +12) [demonic
                  | ancestry]
 20201 | D:14     | Reached XP level 14. HP: 81/113 MP: 17/20
 20443 | D:14     | Found a gate to the Vaults.
 21482 | Lair:5   | Reached skill level 10 in Dodging
 21801 | Lair:5   | Noticed Kirke
 21822 | Lair:5   | Killed Kirke
 22299 | Lair:6   | Entered Level 6 of the Lair of Beasts
 22344 | Lair:6   | Received a gift from Okawaru
 22379 | Lair:6   | Found a staircase to the Slime Pits.
 22379 | Lair:6   | Found a viscous altar of Jiyva.
 23404 | Lair:6   | Got a heavily runed copper ring
 24066 | Orc:1    | Entered Level 1 of the Orcish Mines
 24089 | Orc:2    | Entered Level 2 of the Orcish Mines
 24098 | Orc:2    | Noticed an orc warlord
 24105 | Orc:1    | Reached skill level 12 in Fighting
 24127 | Orc:1    | Killed an orc warlord
 24162 | Orc:2    | Found Cetoz's Food Boutique.
 24203 | Orc:2    | Noticed Urug
 24212 | Orc:2    | Killed Urug
 24235 | Orc:2    | Found a staircase to the Elven Halls.
 24249 | Orc:2    | Found a gate leading to a gauntlet.
 24252 | Gauntlet | Entered a Gauntlet
 24252 | Gauntlet | Found a transporter.
 24252 | Gauntlet | Found a transporter.
 24420 | Gauntlet | Found a transporter.
 24423 | Gauntlet | Found a transporter.
 24423 | Gauntlet | Found a transporter.
 24429 | Gauntlet | Found the +27 Lear's hauberk
 24434 | Gauntlet | Found a transporter.
 24435 | Gauntlet | Found a transporter.
 24440 | Gauntlet | Found a transporter.
 24455 | Gauntlet | Found a transporter.
 24476 | Gauntlet | Found a transporter.
 24501 | Gauntlet | Found a transporter.
 24572 | Gauntlet | Found a transporter.
 24710 | Gauntlet | Gained mutation: You have a pair of large antennae on your
                  | head. (SInv) [demonic ancestry]
 24710 | Gauntlet | Reached XP level 15. HP: 115/120 MP: 21/21
 24992 | Gauntlet | Identified the ring "Niavvokk" {*Slow rElec rF+ rC++ MR+}
                  | (You found it on level 6 of the Lair of Beasts)
 25582 | Orc:2    | HP: 3/122 [orc knight/+1 halberd of venom (19)]
 26090 | Orc:2    | Found Vugowentyd's Assorted Antiques.
 26090 | Orc:2    | Found Otodwuri's Book Boutique.
 26118 | Orc:2    | Found Veg Ajam's Antique Armour Emporium.
 26118 | Orc:2    | Found Seesm's Antique Weapon Boutique.
 26127 | Orc:2    | Bought a blackened war axe for 314 gold pieces
 26138 | Orc:2    | Identified the +8 war axe of Crystal {chop, Str+2} (You
                  | bought it in a shop on level 2 of the Orcish Mines)
 26140 | Orc:2    | Bought an ancient plate armour for 672 gold pieces
 26150 | Orc:2    | Identified the +17 plate armour of Cieveyri {Dex+4} (You
                  | bought it in a shop on level 2 of the Orcish Mines)
 26150 | Orc:2    | Bought a scorched buckler for 228 gold pieces
 26150 | Orc:2    | Bought a scorched ring mail for 216 gold pieces
 26155 | Orc:2    | Identified the +0 buckler of Neabepec {rC++ Str-2} (You
                  | bought it in a shop on level 2 of the Orcish Mines)
 26166 | Orc:2    | Identified the cursed +1 ring mail of Vode {rF+ Str-3
                  | Dex+5} (You bought it in a shop on level 2 of the Orcish
                  | Mines)
 27549 | D:14     | You fall through a shaft!
 27549 | D:15     | Entered Level 15 of the Dungeon
 27772 | D:15     | Found Eloahar's Food Emporium.
 27810 | D:15     | Found Kuxip's General Store.
 27872 | D:15     | Found Xegruzov's Armour Boutique.
 27944 | D:15     | Found a staircase to the Depths.
 27956 | D:15     | Received a gift from Okawaru
 27976 | D:15     | Identified a +2 pair of boots of running (Okawaru gifted it
                  | to you on level 15 of the Dungeon)
 28587 | D:14     | Found a runed translucent gate.
 28587 | D:14     | Found a runed translucent gate.
 28588 | D:14     | Noticed goulibeur's ghost (journeyman DrBe)
 28595 | D:14     | Found a runed translucent gate.
 28627 | D:14     | Killed goulibeur's ghost
 28793 | Spider:1 | Entered Level 1 of the Spider Nest
 28797 | Spider:1 | Identified Roxanne's Almanac of Transmutation
 28797 | Spider:1 | Noticed Roxanne
 28987 | Spider:1 | Killed Roxanne
 28987 | Spider:1 | Reached skill level 13 in Fighting
 29006 | Spider:1 | Reached XP level 16. HP: 130/130 MP: 22/22
 29010 | Spider:1 | Was placed under penance by Okawaru
 29646 | Spider:1 | Noticed a deep elf master archer
 29787 | Swamp:1  | Entered Level 1 of the Swamp
 30285 | Swamp:1  | Was forgiven by Okawaru
 31562 | Spider:1 | Killed a deep elf master archer
 31872 | Spider:1 | Noticed Jorgrun
 31889 | Spider:1 | Killed Jorgrun
 31889 | Spider:1 | Received a gift from Okawaru
 31889 | Spider:1 | Reached skill level 15 in Axes
 32127 | Spider:2 | Found a transporter.
 32127 | Spider:2 | Noticed jazmu's ghost (adept FoWn)
 32328 | Spider:2 | Found a transporter.
 32716 | Spider:3 | Noticed Donald
 32760 | Spider:2 | Killed Donald
 33090 | Spider:3 | Was placed under penance by Okawaru
 33334 | Spider:3 | Was forgiven by Okawaru
 33608 | Spider:4 | Entered Level 4 of the Spider Nest
 33608 | Spider:4 | Noticed Aizul
 33709 | Spider:4 | Noticed Asterion
 33714 | Spider:4 | Noticed Mara
 34074 | Spider:4 | Killed Asterion
 34076 | Spider:4 | Reached XP level 17. HP: 117/138 MP: 15/23
 34082 | Spider:4 | Noticed diana's illusion
 34101 | Spider:4 | Killed Mara
 34113 | Spider:4 | Received a gift from Okawaru
 34127 | Spider:4 | Reached skill level 14 in Fighting
 34640 | Spider:4 | Noticed Arachne
 34689 | Spider:4 | Killed Arachne
 34776 | Spider:4 | Received a gift from Okawaru
 34984 | Spider:4 | Killed Aizul
 35363 | Spider:4 | Got a gossamer rune of Zot
 35831 | Elf:1    | Entered Level 1 of the Elven Halls
 35833 | Elf:1    | Noticed Agnes
 35845 | Elf:1    | Killed Agnes
 35922 | Elf:1    | Noticed Frances
 35971 | Elf:1    | Reached skill level 15 in Fighting
 35996 | Elf:1    | Killed Frances
 36010 | Elf:1    | Reached XP level 18. HP: 138/149 MP: 18/24
 36061 | Elf:1    | Found Wievet's Antique Weapon Emporium.
 36067 | Elf:1    | Found Eckanotz's Antique Armour Shoppe.
 36074 | Elf:1    | Bought a glowing shield for 277 gold pieces
 36236 | Elf:1    | Identified the Guide on Summoning
 36907 | Elf:2    | Found a huge runed translucent gate.
 36907 | Elf:2    | Found a huge runed translucent gate.
 36907 | Elf:2    | Found a huge runed translucent gate.
 36907 | Elf:2    | Found a huge runed translucent gate.
 36908 | Elf:2    | Found a huge runed translucent gate.
 37429 | Elf:3    | Entered Level 3 of the Elven Halls
 38008 | Elf:3    | Noticed an Ice Fiend
 38626 | Elf:3    | Received a gift from Okawaru
 38651 | Elf:3    | HP: 1/151 [deep elf high priest/divine providence (10)]
 39431 | Elf:3    | Noticed a Tzitzimitl
 39558 | Elf:3    | Reached skill level 16 in Fighting
 39603 | Elf:3    | Identified the cursed +1 chain mail of the Teacher {-Tele
                  | rC+ rN+ MR+}
 39603 | Elf:3    | Identified the ring "Cyno" {rF+ rN++ SInv Stlth-}
 39762 | Elf:3    | Identified the ring "Nidan" {+Fly rF+ rN+ Dex+3 Stlth+}
 39796 | Elf:3    | Noticed Louise
 39813 | Elf:3    | Reached skill level 15 in Armour
 39825 | Elf:3    | Killed Louise
 39834 | Elf:3    | Identified the Volume of Enthralling Darkness
 39893 | Elf:3    | Identified 2 scrolls of acquirement
 39928 | Elf:3    | Identified the Almanac of Assistive Black Rites
 39947 | Elf:3    | Identified the ring "Irhikk" {Ice *Drain Int+4}
 40032 | Elf:3    | Received a gift from Okawaru
 40094 | Elf:3    | Found a transporter.
 40095 | Elf:3    | Noticed DungeonDestroyer's ghost (adept MiBe)
 40117 | Elf:3    | Found a transporter.
 40205 | Elf:3    | Found Cudyubas's Jewellery Emporium.
 40205 | Elf:3    | Found Caugguvyss's Gadget Boutique.
 40206 | Elf:3    | Found Muhegid's Jewellery Emporium.
 40518 | Lair:1   | Got a warped wooden ring
 40520 | Lair:1   | Identified the ring of the Pariah {Ice rElec Str+3 Dex-3
                  | Stlth+} (You acquired it on level 1 of the Lair of Beasts)
 40645 | Depths:1 | Entered Level 1 of the Depths
 40703 | Depths:1 | Reached XP level 19. HP: 126/157 MP: 22/25
 40715 | Depths:1 | Reached skill level 15 in Dodging
 40750 | Depths:1 | Found Mocwoekk's Demolitions Depot.
 41268 | Depths:1 | Found a gateway to Hell.
 41293 | Depths:1 | Got a faintly glowing chain mail
 41294 | Depths:1 | Identified the +1 chain mail of Goufaf {*Contam rC+ MR++
                  | MP+9 Dex-5} (You found it on level 1 of the Depths)
 41519 | Depths:1 | Noticed a lich
 41520 | Depths:1 | Noticed a lich
 41526 | Depths:1 | Killed a lich
 41534 | Depths:1 | Received a gift from Okawaru
 41536 | Depths:1 | Killed a lich
 41536 | Depths:1 | Reached skill level 17 in Fighting
 41543 | Depths:1 | Found a runed translucent door.
 41545 | Depths:1 | Noticed a lich
 41546 | Depths:1 | Found a radiant altar of Vehumet.
 41546 | Depths:1 | Noticed an ancient lich
 44179 | Swamp:3  | Gained mutation: A demonic guardian rushes to your aid.
                  | [demonic ancestry]
 44179 | Swamp:3  | Reached XP level 20. HP: 150/168 MP: 24/26
 44296 | Swamp:3  | Reached skill level 10 in Shields
 45114 | Swamp:4  | Entered Level 4 of the Swamp
 45631 | Swamp:4  | Received a gift from Okawaru
 45953 | Swamp:4  | HP: 8/252 [poison (poison gas)]
 45954 | Swamp:4  | HP: 3/252 [poison (poison gas)]
 45955 | Swamp:4  | Succumbed to poison (poison gas)

Skill      XL: |  1  2  3  4  5  6  7  8  9 10 11 12 13 14 15 16 17 18 19 20 |
---------------+-------------------------------------------------------------+-----
Axes           | 2 3 4 5 6 7 9 11 13 14 15 16 | 16.0
Shields        | 3 4 5 6 7 8 9 11 | 11.1
Armour         | 3 4 5 6 7 8 9 10 11 12 14 15 16 | 16.0
Dodging        | 1 2 3 4 5 6 7 8 9 10 11 12 13 14 15 | 15.8
Fighting       | 4 5 6 7 8 10 11 12 13 15 16 17 | 17.2
Invocations    | 3 5 7 9 |  9.1

Action                   |  1- 3 |  4- 6 |  7- 9 | 10-12 | 13-15 | 16-18 | 19-21 || total
-------------------------+-------+-------+-------+-------+-------+-------+-------++-------
Melee: War axe           |   132 |   157 |   459 |   580 |   370 |  1536 |   879 ||  4113
       Broad axe         |       |       |       |    44 |       |       |       ||    44
       Executioner's axe |       |       |       |   220 |   774 |       |       ||   994
       Flail             |       |       |       |       |    27 |       |       ||    27
Throw: Throwing net      |       |       |     1 |       |       |       |       ||     1
Invok: Heroism           |       |       |     3 |    12 |    32 |    23 |     4 ||    74
       Finesse           |       |       |       |     4 |     9 |    17 |     6 ||    36
 Abil: Evoke Berserk Rag |       |       |       |       |     2 |     3 |     1 ||     6
Evoke: Wand              |       |       |       |     7 |       |       |       ||     7
  Use: Scroll            |       |       |    10 |     3 |    17 |    16 |     1 ||    47
       Potion            |       |       |       |     8 |     3 |     4 |     3 ||    18
 Stab: Held in net/web   |       |       |     1 |       |       |       |       ||     1
       Distracted        |       |       |       |     4 |    10 |     9 |     4 ||    27
  Eat: Chunk             |       |     5 |    12 |    26 |    28 |    23 |    13 ||   107
       Ration            |       |       |     1 |     2 |     4 |     5 |     1 ||    13
Armor: Scale mail        |    51 |    95 |   242 |   338 |       |       |       ||   726
       Ring mail         |       |       |       |    82 |   708 |       |       ||   790
       Plate armour      |       |       |       |       |   107 |   715 |   491 ||  1313
Dodge: Dodged            |    36 |    56 |   224 |   483 |  1011 |   667 |   564 ||  3041
Block: Shield            |    64 |    81 |   283 |   328 |   147 |   830 |   657 ||  2390
       Buckler           |       |       |       |       |       |     5 |       ||     5
